 Dungeon Crawl Stone Soup version 0.31-a0-859-g9dce7d3444 (webtiles) character file.

Game seed: 12749876162552014753

4827 jasper the Destroyer (level 10, 0/60 HPs)
             Began as a Deep Elf Conjurer on Oct 9, 2023.
             Was a Follower of Sif Muna.
             Slain by a cyclops (26 damage)
             ... on level 7 of the Dungeon.
             The game lasted 00:15:09 (8830 turns).

jasper the Destroyer (Deep Elf Conjurer)            Turns: 8830, Time: 00:15:10

Health: 0/60       AC:  8    Str:  4    XL:     10   Next: 25%
Magic:  7/33       EV: 15    Int: 28    God:    Sif Muna [*.....]
Gold:   459        SH:  0    Dex: 13    Spells: 2/25 levels left

rFire   . . .        p - +0 morningstar
rCold   . . .        (no shield)
rNeg    . . .        a - +0 robe
rPois   .            s - +2 helmet
rElec   .            t - +0 cloak
rCorr   +            z - +0 pair of gloves
SInv    .            j - +0 pair of boots
Will    +....        (no amulet)
Stlth   ++           k - ring of resist corrosion
HPRegen 0.30/turn    E - ring of magical power
MPRegen 0.23/turn

%: no passive effects
@: no status effects
A: no striking features
a: Renounce Religion, Channel Magic


You were on level 7 of the Dungeon.
You worshipped Sif Muna.
Sif Muna was aware of your devotion.
You visited 2 branches of the dungeon, and saw 9 of its levels.

You collected 459 gold pieces.

Inventory:

Hand Weapons
 f - a +0 mace of protection
 p - a +0 morningstar (weapon)
Missiles
 g - 7 poisoned darts
 v - 2 throwing nets
Armour
 a - a +0 robe (worn)
 e - +0 pearl dragon scales
 j - a +0 pair of boots (worn)
 s - a +2 helmet (worn)
 t - a +0 cloak (worn)
 z - a +0 pair of gloves (worn)
 A - a +2 ring mail of cold resistance
Jewellery
 k - a ring of resist corrosion (left hand)
 E - a ring of magical power (right hand)
Wands
 b - a wand of roots (1)
 u - a wand of flame (21)
Scrolls
 d - 2 scrolls of noise
 h - a scroll of teleportation
 w - a scroll of amnesia
 x - a scroll of immolation
 y - 4 scrolls of vulnerability
 B - a scroll of poison
 C - a scroll of identify
 F - a scroll of brand weapon
Potions
 c - 4 potions of curing
 i - a potion of mutation
 m - 2 potions of enlightenment
 n - a potion of brilliance {unknown}
 o - a potion of invisibility {unknown}
 r - 2 potions of haste {unknown}
 D - a potion of berserk rage {unknown}
 G - a potion of degeneration {unknown}


   Skills:
 - Level 5.6 Fighting
 - Level 8.8 Dodging
 - Level 2.4 Stealth
 - Level 8.0 Spellcasting
 - Level 9.0 Conjurations
 + Level 4.0 Hexes
 - Level 2.0 Translocations
 + Level 2.3 Transmutations
 - Level 3.5 Invocations
 - Level 4.0 Evocations


You had 2 spell levels left.
You knew the following spells:

 Your Spells              Type           Power      Damage    Failure   Level
a - Magic Dart            Conj           100%       1d8       1%          1
b - Searing Ray           Conj           100%       2d8       1%          2
c - Fulminant Prism       Conj/Hex       23%        3d12      3%          4
d - Iskenderun's Mystic   Conj/Tloc      42%        2d10      4%          4
e - Enfeeble              Hex            16%        N/A       100%        7
f - Yara's Violent Unrav  Hex/Tmut       14%        3d7       36%         5

Your spell library contained the following spells:

 Spells                   Type           Power      Damage    Failure   Level
 Cigotuvi's Dreadful Rot  Necr/Pois/Air  22%        N/A       8%          2
 Dazzling Flash           Conj/Hex       94%        N/A       1%          3
 Inner Flame              Hex/Fire       22%        N/A       6%          3
 Cause Fear               Hex            16%        N/A       10%         4
 Anguish                  Hex/Necr       11%        N/A       22%         4
 Dispel Undead            Necr           11%        3d9       43%         4
 Death Channel            Necr           5%         N/A       100%        6


Dungeon Overview and Level Annotations

Branches:
Dungeon (8/15)             Temple (1/1) D:5
   Lair: D:8-11

Altars:
Cheibriados
Elyvilon
Fedhas
Hepliaklqana
Okawaru
Qazlal
Ru
Sif Muna
Trog
Uskayaw
Wu Jian
Xom
Yredelemnul
Zin
The Shining One

Annotations:
D:5 2 transporters, fecund's ghost, amateur VSBr
D:7 1 runed translucent door, Crazy Yiuf


Message History

The cyclops is lightly wounded.
You now have 14/33 mp.
Casting: Iskenderun's Mystic Blast (dangerous; 4% risk of failure)
Confirm with . or Enter, or press ? or * to list all spells.
You erupt in a blast of force!
The mystic blast hits the cyclops.
The cyclops is lightly wounded.
You now have 10/33 mp.
The cyclops barely misses you.
You climb upwards.
Level annotation: 1 runed translucent door, Crazy Yiuf
There is a stone staircase leading down here.
Casting: Iskenderun's Mystic Blast (dangerous; 4% risk of failure)
Confirm with . or Enter, or press ? or * to list all spells.
Aiming: Searing Ray (safe; 1% risk of failure)
Press: ? - help, Shift-Dir - straight line, f - cyclops
Aim: a cyclops, quivering large rocks (lightly wounded, 98% to hit)
The searing ray hits the cyclops!
The cyclops is moderately wounded. (Press . to maintain the ray.)
The cyclops hits you!
You take 13 damage, and have 42/60 hp.
MASSIVE DAMAGE!!
You now have 9/33 mp.
The searing ray hits the cyclops!
The cyclops is heavily wounded.
The cyclops misses you.
You now have 8/33 mp.
The searing ray hits the cyclops.
The cyclops is severely wounded.
The searing ray hits the cyclops.
The cyclops is severely wounded.
You finish channelling your searing ray.
The cyclops misses you.
You now have 7/33 mp.
You hit the cyclops but do no damage.
The cyclops is severely wounded.
The cyclops hits you!!
You take 18 damage, and have 25/60 hp.
MASSIVE DAMAGE!!
You barely miss the cyclops.
The cyclops is severely wounded.
The cyclops hits you!!
You die...

≈≈≈≈#.........##.#.##.#)#.#.##.#.
#####..........##.#.##.#.#.##.#.#
....#........#..##.#.##.#.##.#.##
....#............##.#.##.##.#.##
....#........###..##.#.###.#.##
....#........# #...##.#.#.#.##
....############.#.###.#.#.##
...............C...# ##.#.##
..............[.@.### ##.##
....................# ###
..........##........#
#.........##........#
#.........##........#
#.........##........#
#.........##........#
#.........########### #.........#


You could see a cyclops.

Vanquished Creatures
  Pikel (D:5)
  A hornet (D:8)
  Prince Ribbit (D:8)
  4 yaks (D:6)
  A steam dragon (D:7)
  An acid dragon (D:8)
  Duvessa (D:6)
  3 water moccasins
  A sky beast (D:7)
  3 ice beasts
  2 black bears
  An ogre (D:4)
  2 lemures (D:5)
  2 centaurs (D:7)
  A phantom (D:6)
  4 bullfrogs (D:7)
  8 wights
  Dowan (D:6)
  9 killer bees
  A lava snake (D:7)
  3 hounds
  3 jellies
  2 orc priests
  An iguana (D:5)
  Jessica (D:3)
  Ijyb (D:5)
  8 orc wizards
  Robin (D:3)
  3 gnolls (D:5)
  9 adders
  A shadow imp (D:5)
  A white imp (D:6)
  An ufetubus (D:7)
  A worm (D:4)
  A dart slug (D:4)
  30 orcs
  7 bats (D:3)
  9 endoplasms
  5 giant cockroaches
  16 goblins
  4 hobgoblins
  7 jackals (D:2)
  A quokka (D:5)
  7 ball pythons
  5 frilled lizards
  7 kobolds
  4 rats
187 creatures vanquished.

Vanquished Creatures (others)
  11 fulminant prisms
11 creatures vanquished.

Grand Total: 198 creatures vanquished

Notes
Turn   | Place    | Note
-------+----------+-------------------------------------------
     0 | D:1      | jasper the Deep Elf Conjurer began the quest for the Orb.
     0 | D:1      | Reached XP level 1. HP: 10/10 MP: 6/6
   348 | D:1      | Found a faded altar of an unknown god.
   614 | D:1      | Reached XP level 2. HP: 15/15 MP: 5/8
   617 | D:1      | Learned a level 2 spell: Searing Ray
   982 | D:2      | Reached skill level 5 in Conjurations
   982 | D:2      | Reached XP level 3. HP: 15/19 MP: 3/10
  1871 | D:2      | Reached XP level 4. HP: 24/24 MP: 8/12
  1883 | D:2      | Learned a level 4 spell: Fulminant Prism
  1888 | D:2      | Learned a level 4 spell: Iskenderun's Mystic Blast
  2082 | D:3      | Noticed Robin
  2160 | D:2      | Reached skill level 1 in Hexes
  2160 | D:2      | Reached skill level 1 in Translocations
  2463 | D:3      | Killed Robin
  2464 | D:3      | Reached XP level 5. HP: 26/28 MP: 8/13
  2666 | D:3      | Noticed Jessica
  2671 | D:3      | Killed Jessica
  2672 | D:3      | Reached skill level 6 in Conjurations
  3320 | D:4      | Noticed a black bear
  3820 | D:4      | Noticed an ogre
  3824 | D:4      | Killed an ogre
  3825 | D:4      | Reached skill level 7 in Conjurations
  3825 | D:4      | Reached XP level 6. HP: 32/32 MP: 8/14
  3971 | D:4      | Reached skill level 8 in Conjurations
  4171 | D:5      | Entered Level 5 of the Dungeon
  4171 | D:5      | Noticed Ijyb
  4189 | D:5      | Killed Ijyb
  4190 | D:5      | Reached XP level 7. HP: 11/36 MP: 8/15
  4364 | D:5      | Reached skill level 1 in Evocations
  4418 | D:5      | Found a shimmering blue altar of Sif Muna.
  4443 | D:5      | Reached skill level 1 in Fighting
  4749 | D:5      | Found a transporter.
  4752 | D:5      | Found a transporter.
  4753 | D:5      | Noticed fecund's ghost (amateur VSBr)
  4926 | D:5      | Noticed Pikel
  4934 | D:5      | Killed Pikel
  4935 | D:5      | Reached skill level 9 in Conjurations
  4935 | D:5      | Reached XP level 8. HP: 45/45 MP: 6/16
  5052 | D:5      | Found a staircase to the Ecumenical Temple.
  5090 | Temple   | Entered the Ecumenical Temple
  5118 | D:5      | Became a worshipper of Sif Muna the Loreminder
  5815 | D:6      | Noticed Duvessa
  5815 | D:6      | Noticed Dowan
  5822 | D:6      | Killed Duvessa
  5823 | D:6      | Reached skill level 5 in Dodging
  5829 | D:6      | Killed Dowan
  6448 | D:6      | Reached XP level 9. HP: 41/52 MP: 5/17
  6831 | D:7      | Reached skill level 5 in Fighting
  6831 | D:7      | Reached skill level 1 in Invocations
  6884 | D:7      | Found a runed translucent door.
  6885 | D:7      | Noticed Crazy Yiuf
  7003 | D:7      | Reached * piety under Sif Muna
  7006 | D:7      | Reached skill level 5 in Spellcasting
  7014 | D:7      | Learned a level 7 spell: Enfeeble
  8339 | D:8      | Noticed Prince Ribbit
  8349 | D:8      | Reached XP level 10. HP: 29/60 MP: 10/22
  8491 | D:7      | Learned a level 5 spell: Yara's Violent Unravelling
  8615 | D:8      | Noticed a cyclops
  8619 | D:8      | Reached skill level 1 in Transmutations
  8619 | D:8      | Killed Prince Ribbit
  8830 | D:7      | Slain by a cyclops

Illustrated notes

Levels and vault maps discovered:
D:1:      zelgadis_glass_arrival_large, layout_basic,
          chequers_ecumenical_altar_simple
D:2:      minmay_general_purpose_star, layout_loops_ring
D:3:      layout_rooms, roderic_batcave, uniq_robin, uniq_jessica
D:4:      minmay_wonky_spiral, layout_layer_cave,
          nicolae_overflow_hallway_of_the_gods, chequers_hall_statues_y,
          uniq_edmund
D:5:      layout_loops_ring, tgw_sif, minmay_temple_entry_purple_smoke,
          gammafunk_ghost_hive, uniq_ijyb, uniq_pikel
D:6:      layout_gridville, roderic_serpentine_path, bh_walls_and_bars,
          uniq_duvessa
D:7:      minmay_inner_zag, layout_basic, kennysheep_pointless_box,
          kennysheep_generic_room_11, uniq_crazy_yiuf_cottage
D:8:      layout_cave_pools, gammafunk_ghost_hydra_chop,
          kennysheep_decorative_pillar, uniq_maggie, uniq_prince_ribbit1
Temple:   compressed_dpeg_circular_temple

Skill      XL: |  1  2  3  4  5  6  7  8  9 10 |
---------------+-------------------------------+-----
Spellcasting   | 4 7 8 |  8.0
Conjurations   | 5 7 8 9 |  9.0
Hexes          | 2 4 |  4.0
Translocations | 2 |  2.0
Evocations     | 3 4 |  4.0
Dodging        | 4 7 8 |  8.8
Fighting       | 2 4 5 |  5.6
Invocations    | 3 |  3.5
Transmutations | 2 |  2.3
Stealth        | |  2.4

Action                     |  1- 3 |  4- 6 |  7- 9 | 10-12 || total
---------------------------+-------+-------+-------+-------++-------
  Melee: Mace              |     3 |       |       |       ||     3
         Morningstar       |       |    17 |    45 |    11 ||    73
         Punch             |       |       |     1 |       ||     1
   Cast: Magic Dart        |    46 |    72 |    67 |       ||   185
         Searing Ray       |     4 |    26 |    42 |     4 ||    76
         Fulminant Prism   |       |       |     9 |     2 ||    11
         Iskenderun's Myst |       |       |     4 |     9 ||    13
  Evoke: Wand              |       |       |     2 |       ||     2
    Use: Scroll            |     3 |     7 |     6 |       ||    16
         Potion            |       |     2 |     2 |       ||     4
 Armour: Robe              |     5 |    48 |    84 |    16 ||   153
  Dodge: Dodged            |     5 |    42 |    90 |    28 ||   165

Table legend: (Time is in decaauts)
 A = Elapsed time spent in this place.
 B = Non-inter-level travel time spent in this place.
 C = Inter-level travel time spent in this place.
 D = Time resting spent in this place.
 E = Time spent auto-exploring this place.
 F = Levels seen in this place.
 G = Mean time per level.
                   A        B        C        D        E       F      G
               +--------+--------+--------+--------+--------+-----+--------+
         Total |   8869 |   8455 |    414 |    813 |   6496 |   9 |  985.4 |
       Dungeon |   8868 |   8455 |    413 |    813 |   6496 |   8 | 1108.5 |
        Temple |      1 |      0 |      1 |      0 |      0 |   1 |    1.0 |
               +--------+--------+--------+--------+--------+-----+--------+

Top non-repeatable levels by time:
     D:7: 2139 daAuts
     D:2: 1286 daAuts
     D:6: 1235 daAuts
     D:5: 1234 daAuts
     D:3: 1141 daAuts
     D:1: 926 daAuts
     D:4: 827 daAuts
     D:8: 77 daAuts
  Temple: 1 daAuts
